 Dungeon Crawl Stone Soup version 0.17.0-28-g6e173f8 (webtiles) character file.

1505 dohliylev the Covert (level 8, -1/57 HPs)
             Began as a Vampire Assassin on Nov 28, 2015.
             Slain by a black bear (9 damage)
             ... on level 7 of the Dungeon.
             The game lasted 00:29:13 (5135 turns).

dohliylev the Covert (Vampire Assassin)             Turns: 5135, Time: 00:29:13

Health: -1/57      AC:  0    Str:  5    XL:     8   Next: 52%
Magic:  6/8        EV: 24    Int: 14    God:
Gold:   338        SH:  0    Dex: 22    Spells: 0 memorised, 7 levels left

rFire  . . .     SeeInvis +     (weapon currently unavailable)
rCold  . . .     Clarity  .     (armour currently unavailable)
rNeg   + . .     SustAt   .     (shield currently unavailable)
rPois  .         Gourm    .     (helmet currently unavailable)
rElec  .         Spirit   .     (cloak currently unavailable)
rCorr  .         Warding  .     (gloves currently unavailable)
rMut   .         Stasis   .     (boots currently unavailable)
MR     .....                    (no amulet)
Stlth  +++++++...               (ring currently unavailable)
                                (ring currently unavailable)

@: bat-form, flying, very quick, not resistant to hostile enchantments,
extremely stealthy
A: (fangs 0), see invisible, (unbreathing)
a: End Transformation


You were on level 7 of the Dungeon.
You were not thirsty.
You were in vampire-bat-form.
You visited 1 branch of the dungeon, and saw 7 of its levels.

You collected 338 gold pieces.

Inventory:

Hand Weapons
 a - a +2 dagger (melded)
 b - a +0 blowgun
Missiles
 e - 42 poisoned needles
 f - 2 curare-tipped needles
 n - 4 tomahawks (quivered)
 G - a throwing net
Armour
 c - a +0 robe (melded)
 d - a +0 cloak (melded)
 i - a +0 buckler (melded)
 z - a +1 hat (melded)
Magical Staves
 D - an uncursed staff of energy
Jewellery
 l - a +4 ring of slaying (melded)
 r - a ring of protection from cold (melded)
Wands
 u - a wand of confusion (26)
 y - a wand of teleportation (3)
 A - a wand of confusion (13)
Scrolls
 j - 5 scrolls of identify {unknown}
 m - a scroll of magic mapping {unknown}
 o - a scroll of enchant weapon {unknown}
 p - 3 scrolls of teleportation {unknown}
 t - 2 scrolls of remove curse {unknown}
 H - a scroll of noise {unknown}
 I - a scroll of immolation {unknown}
Potions
 g - 18 potions of blood
 h - a potion of degeneration {unknown}
 k - 2 potions of haste {unknown}
 q - 3 potions of curing {unknown}
 s - a potion of ambrosia {unknown}
 v - 2 potions of poison {unknown}
 w - a potion of might {unknown}
 x - a potion of beneficial mutation {unknown}
 B - a potion of invisibility {unknown}
 C - a potion of magic {unknown}
 E - a potion of mutation {unknown}
 F - a potion of heal wounds {unknown}
 J - a potion of brilliance {unknown}


   Skills:
 + Level 2.5 Fighting
 + Level 3.5 Short Blades
 + Level 3.0 Throwing
 + Level 4.4 Dodging
 * Level 13.7 Stealth
 + Level 1.1 Shields


You had 7 spell levels left.
You didn't know any spells.

Dungeon Overview and Level Annotations

Branches:
Dungeon (7/15)             Temple (0/1) D:7

Altars:
Elyvilon
Kikubaaqudgha
Nemelex Xobeh
Trog
Zin

Annotations:
D:7 Menkaure


Innate Abilities, Weirdness & Mutations

((You have razor-sharp teeth.))
You have supernaturally acute eyesight.
((You can survive without breathing.))


Message History

Menkaure seems to speed up.
Menkaure calls on the powers of darkness!
Your body is wracked with pain!
The black bear convulses!
Menkaure calls on the powers of darkness!
The black bear convulses!
Your body is wracked with pain!
* * * LOW HITPOINT WARNING * * *
Menkaure grins.
You block the black bear's attack. The black bear closely misses you.
The black bear claws you.
* * * LOW HITPOINT WARNING * * *
You turn into a vampire bat.
Your +2 dagger melds into your body.
Your +0 cloak melds into your body.
Your +1 hat melds into your body.
Your +0 buckler melds into your body.
Your +0 robe melds into your body.
Your +4 ring of slaying melds into your body.
Your ring of protection from cold melds into your body.
Menkaure calls on the powers of darkness!
The black bear convulses!
Your body is wracked with pain!
* * * LOW HITPOINT WARNING * * *
The black bear bites you!
You die...

#.. #.#...#.
#.############ ##..#.#..
#.#..........# #....>...
#.##.#######)# #...#.#..
#.##.# ####.# #..#...#.
#.##.####.M..####........
#<##.....................
#.#######h#############.#
#.......b.# # ###########


You could see a black bear and Menkaure.

Vanquished Creatures
  An ice beast (D:6)
  A black bear (D:6)
  A centaur (D:5)
  2 ogres
  A giant frog (D:6)
  A scorpion (D:5)
  2 crimson imps
  A centaur zombie (D:6)
  A wasp zombie (D:5)
  A hound (D:6)
  A jelly (D:5)
  A giant frog skeleton (D:5)
  3 orc priests
  8 orc wizards
  2 iguanas
  7 worker ants (D:5)
  4 adders
  4 gnolls (D:6)
  2 shadow imps (D:5)
  An adder zombie (D:6)
  3 adder skeletons
  A worm (D:2)
  9 giant geckos
  15 orcs
  6 bats
  A giant cockroach (D:3)
  7 goblins
  9 hobgoblins
  7 jackals
  4 kobolds
  A quokka (D:4)
  4 giant newts
  A quokka zombie (D:5)
  7 rats
120 creatures vanquished.

Notes
Turn   | Place    | Note
--------------------------------------------------------------
     0 | D:1      | dohliylev the Vampire Assassin began the quest for the Orb.
     0 | D:1      | Reached XP level 1. HP: 16/16 MP: 1/1
    59 | D:1      | Reached skill level 6 in Stealth
   136 | D:1      | Reached XP level 2. HP: 20/22 MP: 2/2
   359 | D:1      | Reached skill level 7 in Stealth
   444 | D:1      | Reached XP level 3. HP: 18/27 MP: 3/3
  1427 | D:3      | Reached XP level 4. HP: 33/33 MP: 4/4
  1455 | D:3      | Reached skill level 8 in Stealth
  2090 | D:4      | Noticed an ogre
  2092 | D:4      | Reached XP level 5. HP: 32/38 MP: 5/5
  2112 | D:3      | Reached skill level 9 in Stealth
  2421 | D:3      | Killed an ogre
  2454 | D:4      | Reached XP level 6. HP: 39/44 MP: 6/6
  2632 | D:4      | Reached skill level 10 in Stealth
  2823 | D:5      | Entered Level 5 of the Dungeon
  2870 | D:5      | Found a sparkling altar of Nemelex Xobeh.
  2870 | D:5      | Found a glowing silver altar of Zin.
  2870 | D:5      | Found a bloodstained altar of Trog.
  3019 | D:5      | Reached skill level 11 in Stealth
  3080 | D:5      | Reached XP level 7. HP: 22/49 MP: 7/7
  3090 | D:5      | Found a white marble altar of Elyvilon.
  3282 | D:5      | Found an ancient bone altar of Kikubaaqudgha.
  3379 | D:5      | Reached skill level 12 in Stealth
  4244 | D:6      | Reached XP level 8. HP: 33/56 MP: 8/8
  4278 | D:6      | Reached skill level 13 in Stealth
  4568 | D:6      | Reached skill level 1 in Shields
  5112 | D:7      | Noticed Menkaure
  5114 | D:7      | Found a staircase to the Ecumenical Temple.
  5135 | D:7      | Slain by a black bear

Action                   |  1- 3 |  4- 6 |  7- 9 || total
-------------------------+-------+-------+-------++-------
Melee: Dagger            |    89 |    78 |   126 ||   293
 Fire: Blowgun           |     3 |    24 |    47 ||    74
 Abil: Bat Form          |     1 |     1 |     2 ||     4
       End Transformatio |     1 |     1 |     1 ||     3
  Use: Potion            |       |     3 |     5 ||     8
 Stab: Sleeping          |    16 |    23 |    15 ||    54
       Distracted        |     1 |     1 |     1 ||     3
  Eat: Corpse            |     1 |       |       ||     1
